 Dungeon Crawl Stone Soup version 0.15.2 (webtiles) character file.

162284 bwiles81 the Pulveriser (level 16, -10/150 HPs)
             Began as a Minotaur Gladiator on Dec 16, 2014.
             Was an Elder of Okawaru.
             Blown up by an orb spider (39 damage)
             ... with an orb of destruction
             ... on Level 1 of the Spider Nest on Dec 17, 2014.
             The game lasted 02:44:38 (39523 turns).

bwiles81 the Pulveriser (Minotaur Gladiator)       Turns: 39523, Time: 02:44:38

HP -10/150       AC 33     Str 21      XL: 16   Next: 96%
MP   3/12        EV 23     Int  5      God: Okawaru [****..]
Gold 1962        SH  0     Dex 17      Spells:  1 memorised, 11 levels left

rFire  + . .     SeeInvis .     W - +9 quarterstaff (protect)
rCold  + . .     Clarity  .     D - +5 scale mail of Courage {rPois rN+ Stlth+}
rNeg   + + .     rCorr    .     (no shield)
rPois  +         rRot     .     U - +1 hat
rElec  .         Spirit   .     F - +2 cloak of Infinity {rF+ rN+}
SustAb .         Warding  .     e - +1 pair of gloves
rMut   .         Stasis   .     T - +2 pair of boots "Puurheuz" {+Blink}
Gourm  +                        E - amulet of the gourmand
MR     +....                    w - ring of Broniul {+cTele rC+}
                                L - +3 ring of slaying

@: heroism, somewhat resistant to hostile enchantments, unstealthy
A: retaliatory headbutt, horns 2
a: Heroism, Renounce Religion, Evoke Blink, Evoke Teleport Control
}: 1/15 runes: barnacled


You were on level 1 of the Spider Nest.
You worshipped Okawaru.
Okawaru was greatly pleased with you.
You were not hungry.

You visited 7 branches of the dungeon, and saw 36 of its levels.
You also visited: Ossuary, Bailey and Volcano.

You collected 4766 gold pieces.
You spent 2804 gold pieces at shops.

Inventory:

Hand weapons
 W - a +9 quarterstaff of protection (weapon)
Missiles
 b - 8 javelins of returning (quivered)
Armour
 e - a +1 pair of gloves (worn)
 D - the +5 scale mail of Courage (worn) {rPois rN+ Stlth+}
   (You bought it in a shop on level 10 of the Dungeon)

   It protects you from poison.
   It protects you from negative energy.
   It makes you more stealthy.
 F - the +2 cloak of Infinity (worn) {rF+ rN+}
   (Okawaru gifted it to you on level 3 of the Shoals)

   It protects you from fire.
   It protects you from negative energy.
 T - the +2 pair of boots "Puurheuz" (worn) {+Blink}
   (You found it on level 5 of the Shoals)

   It lets you blink.
 U - a +1 hat (worn)
Magical devices
 a - a wand of heal wounds (4)
 f - a wand of digging (8)
 g - a wand of fire (1)
 o - a wand of fireball (0)
 z - a wand of lightning (1)
 Q - a wand of fire (3)
Comestibles
 i - 12 meat rations
 k - a slice of pizza
 A - 6 fruits
 G - 7 bread rations
 N - 3 beef jerkies
 R - 12 royal jellies
Scrolls
 h - 19 scrolls of remove curse
 n - 5 scrolls of teleportation
 q - 7 scrolls of recharging
 r - a scroll of magic mapping
 s - a scroll of amnesia
 t - a scroll of blinking
 v - 6 scrolls of identify
 x - 2 scrolls of enchant weapon
 y - 7 scrolls of fear
 H - 2 scrolls of vulnerability
 M - 2 scrolls of brand weapon
 X - 2 scrolls of silence
Jewellery
 d - an uncursed ring of protection from fire
 j - an uncursed ring of protection from magic
 m - an uncursed ring of positive energy
 w - the ring of Broniul (right hand) {+cTele rC+}
   (You bought it in a shop on level 15 of the Dungeon)

   [ring of teleport control]

   It can be evoked for teleport control.
   It protects you from cold.
 B - an uncursed ring of poison resistance
 C - an uncursed ring of protection from fire
 E - an amulet of the gourmand (around neck)
 K - an uncursed ring of flight
 L - a +3 ring of slaying (left hand)
 S - an uncursed amulet of stasis
 Y - an uncursed ring of positive energy
Potions
 l - a potion of beneficial mutation {unknown}
 p - 10 potions of curing
 I - a potion of brilliance
 J - 2 potions of resistance
 O - 4 potions of magic
 V - 2 potions of restore abilities
 Z - 2 potions of might
Miscellaneous
 u - a stone of tremors
 P - a plain deck of destruction


   Skills:
 + Level 15.7(20.7) Fighting
 * Level 21.4(26.4) Staves
 - Level 2.0(7.0) Throwing
 + Level 15.6(20.6) Armour
 + Level 14.9(19.9) Dodging
 + Level 4.3 Earth Magic
 + Level 2.5 Evocations


You had 11 spell levels left.
You knew the following spells:

 Your Spells              Type           Power        Failure   Level  Hunger
a - Leda's Liquefaction   Hex/Erth       #.........   100%        4    #####..


Dungeon Overview and Level Annotations

Branches:
Dungeon (15/15)            Temple (1/1) D:6             Orc (4/4) D:11
    Elf (2/3) Orc:3          Lair (8/8) D:11         Shoals (5/5) Lair:5
 Spider (1/5) Lair:6        Slime (0/6) Lair:7       Vaults (0/5) D:14
 Depths (0/5) D:15

Altars:
Kikubaaqudgha
Makhleb
Nemelex Xobeh
Okawaru
Trog
Yredelemnul
Zin
Beogh
Lugonu

Shops:
D:6 %   D:10 [   D:15 =   Orc:4 (([(=   Elf:2 :**:[   Shoals:1 (   Shoals:3 %
Shoals:4 (

Portals:
Trove: D:10 (show slimy rune of Zot)


Innate Abilities, Weirdness & Mutations

You reflexively headbutt those who attack you in melee.
You have a pair of horns on your head.


Message History

The orb spider weaves a glowing orb of energy.
The spider completely misses you. You furiously retaliate!
You headbutt the spider!
You kill the spider!
Okawaru accepts your kill.
The orb spider weaves a glowing orb of energy.
The spider closely misses you. The orb of destruction hits you!
* * * LOW HITPOINT WARNING * * *
The orb of destruction hits a rock wall.
The spider falls off the wall.
You hear a grinding noise.
The orb spider pulsates with a strange energy.
The spider closely misses you. You furiously retaliate!
You headbutt the spider! The spider misses you. You furiously retaliate!
You headbutt the spider.
The orb spider weaves a glowing orb of energy.
You see here a potion of curing.
The orb of destruction hits you!
You die...

.........^..#.........
...../......#........#. ...
.#...[....#.[#........ #....
..##...%.%#......^.#.##.....
...#....#.........#.........#.
.......%%#...........s....#...
.........#....#####.....#.....
.........#........s..........#$
#...............@.ss........!..
..<..............§.s.....!.....
.............#...§............
....#...#.....#.#§.....##..#..
>.[....%#........s.[....#.....
...#.##........#..^#......##.
...#............#.).....#.
.....#......#....%.#......
.....#.#....#......#......


You could see 2 orb spiders and 4 spiders.

Vanquished Creatures
  Frances (Spider:1)
  The ghost of isthmus the Severer, a mighty FoFi of Okawaru (Lair:8)
  Maud (Lair:8)
  4 vault guards
  Snorg (Orc:4)
  3 merfolk javelineers (Shoals:5)
  8 merfolk impalers
  A yaktaur captain (D:15)
  5 hydras
  Fannar (Orc:4)
  Harold (Orc:4)
  Nessos (D:15)
  Erica (Lair:8)
  An alligator snapping turtle (Shoals:5)
  3 centaur warriors
  3 merfolk aquamancers
  4 sirens
  2 tengu warriors (D:14)
  2 orc high priests (Orc:4)
  The ghost of bwiles81 the Cruncher, an experienced MiGl of Okawaru (D:7)
  Nergalle (Lair:8)
  6 deep elf knights
  An orb spider (Spider:1)
  An orc knight (Orc:4)
  8 sea snakes
  2 hill giants
  3 deep elf summoners
  9 harpies
  8 griffons
  3 deep elf conjurers
  4 ugly things
  9 water nymphs
  5 fauns
  10 manticores
  9 cyclopes
  A wolf spider (Spider:1)
  10 elephants
  2 orc sorcerers
  A centaur zombie (D:12)
  Maurice (D:12)
  2 black mambas
  A mermaid (shapeshifter) (Elf:2)
  A drowned soul (Shoals:3)
  6 mermaids
  A torpor snail (Lair:4)
  2 gargoyles
  An item mimic (Lair:1)
  2 molten gargoyles (Volcano)
  10 komodo dragons
  17 spiny frogs
  3 jumping spiders (Spider:1)
  2 efreet
  3 deep elf priests (Elf:2)
  2 red devils (Volcano)
  4 fire drakes
  26 merfolk
  A queen bee (Lair:1)
  2 giant leeches (Lair:8)
  A two-headed ogre (D:10)
  2 trolls
  A boulder beetle (Lair:7)
  A raven (D:14)
  5 wind drakes
  20 blink frogs
  A harpy skeleton (D:15)
  A hydra skeleton (D:6)
  19 deep elf magi
  12 slime creatures
  8 water elementals
  2 basilisks
  3 snapping turtles
  3 redbacks (Spider:1)
  A spriggan (Lair:8)
  5 wyverns
  59 yaks
  A shadow (D:14)
  3 trapdoor spiders
  2 wraiths
  A tarantella (Spider:1)
  A fire bat (Volcano)
  A hill giant zombie (D:11)
  17 hippogriffs
  4 hungry ghosts
  21 wolves
  8 vampire mosquitoes
  A hill giant skeleton (D:7)
  3 wargs
  Edmund (D:6)
  A steam dragon (D:9)
  8 deep elf fighters
  2 mottled dragons
  A soldier ant (D:14)
  The ghost of alannahraven the Magician, an average DENe (D:5)
  18 water moccasins
  A phantom (D:5)
  36 orc warriors
  6 ice beasts
  A necrophage (D:8)
  6 sky beasts
  3 hell hounds (Volcano)
  A tengu (shapeshifter) (D:15)
  14 porcupines
  11 ogres
  19 spiders
  A black bear (Lair:1)
  16 centaurs
  A manticore skeleton (D:15)
  2 boring beetles
  A big kobold (D:12)
  An elf zombie (Ossuary)
  11 crocodiles
  Blork the orc (D:9)
  A yaktaur skeleton (D:15)
  A gnoll sergeant (D:6)
  A cyclops zombie (D:11)
  An elf skeleton (D:6)
  31 giant frogs
  28 killer bees
  6 scorpions
  A cyclops skeleton (D:14)
  A troll skeleton (D:6)
  A hippogriff zombie (D:11)
  A vampire bat (Orc:3)
  3 wights (D:8)
  3 electric eels (Lair:8)
  3 goliath beetles
  13 crimson imps
  A hippogriff skeleton (D:6)
  8 hounds
  4 human zombies
  10 jellies
  A basilisk zombie (D:14)
  A giant frog zombie (D:11)
  23 orc priests
  A gnoll shaman (D:7)
  7 orange rats (Lair:5)
  9 iguanas
  43 orc wizards
  2 human skeletons (D:6)
  A killer bee zombie (D:10)
  6 worker ants
  19 sheep
  Ijyb (D:4)
  An ogre zombie (D:6)
  A hound zombie (Ossuary)
  A hound skeleton (D:7)
  5 mummies
  A worker ant zombie (D:8)
  16 gnolls
  20 adders
  A giant mite (D:4)
  2 shadow imps
  73 green rats
  12 white imps (Orc:1)
  A worm (D:3)
  An adder skeleton (D:5)
  2 adder zombies (Ossuary)
  6 giant geckos
  2 oozes
  216 orcs
  21 bats
  8 giant cockroaches
  18 goblins
  19 hobgoblins
  10 jackals
  2 ball pythons
  3 giant newts
  A gnoll zombie (Ossuary)
  A hobgoblin zombie (Ossuary)
  A jackal skeleton (D:4)
  22 kobolds
  A kobold skeleton (D:6)
  A kobold zombie (Ossuary)
  2 orc skeletons (D:6)
  3 orc zombies
  15 quokkas
  2 quokka zombies
  36 rats
  A rat zombie (Ossuary)
  2 spectral orcs (Lair:8)
  10 ballistomycetes
  3 plants
1371 creatures vanquished.

Vanquished Creatures (others)
  9 drowned souls
  A jumping spider (Spider:1)
  A deep elf fighter (Elf:1)
  An orc wizard (Orc:4)
  4 giant spores
  13 fungi (Lair:8)
  5 plants
  4 tentacles (Shoals:5)
  16 tentacle segments (Shoals:5)
54 creatures vanquished.

Grand Total: 1425 creatures vanquished

Notes
Turn   | Place    | Note
--------------------------------------------------------------
     0 | D:1      | bwiles81, the Minotaur Gladiator, began the quest for the Orb.
     0 | D:1      | Reached XP level 1. HP: 18/18 MP: 1/1
   154 | D:1      | Reached XP level 2. HP: 20/25 MP: 1/1
   184 | D:1      | Reached skill level 1 in Armour
   208 | D:1      | Reached skill level 4 in Staves
   573 | D:1      | Reached XP level 3. HP: 21/30 MP: 2/2
  1477 | D:3      | Reached XP level 4. HP: 38/38 MP: 2/2
  1492 | D:3      | Reached skill level 5 in Staves
  1830 | D:3      | Reached XP level 5. HP: 35/45 MP: 2/2
  2246 | D:4      | Noticed Ijyb
  2256 | D:4      | Killed Ijyb
  2322 | D:4      | Reached XP level 6. HP: 40/52 MP: 3/3
  2474 | D:4      | Reached skill level 6 in Staves
  2651 | D:4      | Noticed an ogre
  2657 | D:4      | Killed an ogre
  2666 | D:4      | Reached skill level 5 in Dodging
  2666 | D:4      | Reached XP level 7. HP: 27/60 MP: 3/3
  3071 | D:5      | Entered Level 5 of the Dungeon
  3226 | D:5      | Reached skill level 5 in Fighting
  3226 | D:5      | Reached skill level 7 in Staves
  3384 | D:5      | Found an iron altar of Okawaru.
  3389 | D:5      | Noticed alannahraven's ghost (average DENe)
  3391 | D:5      | Became a worshipper of Warmaster Okawaru
  3688 | D:5      | Killed alannahraven's ghost
  3832 | D:6      | Found a staircase to the Ecumenical Temple.
  3877 | D:6      | Found Mninnopau's Food Boutique.
  3956 | D:6      | Reached XP level 8. HP: 64/69 MP: 3/3
  3960 | D:6      | Found a sand-covered staircase.
  3970 | D:6      | Reached skill level 8 in Staves
  4008 | Ossuary  | Entered an ossuary
  4427 | D:6      | Found a sparkling altar of Nemelex Xobeh.
  4519 | D:6      | Found a bloodstained altar of Trog.
  4616 | D:6      | Reached skill level 5 in Armour
  4818 | D:6      | Noticed an eight-headed hydra skeleton
  4923 | Temple   | Entered the Ecumenical Temple
  5167 | D:6      | Killed an eight-headed hydra skeleton
  5167 | D:6      | Reached skill level 9 in Staves
  5327 | D:6      | Noticed Edmund
  5339 | D:6      | Killed Edmund
  5339 | D:6      | Acquired Okawaru's first power
  5713 | D:7      | Reached XP level 9. HP: 57/78 MP: 4/4
  5738 | D:7      | Found an ancient bone altar of Kikubaaqudgha.
  6021 | D:7      | Noticed bwiles81's ghost (experienced MiGl)
  6051 | D:7      | Killed bwiles81's ghost
  6051 | D:7      | Reached skill level 10 in Staves
  6742 | D:7      | Found a burning altar of Makhleb.
  6890 | D:8      | Reached skill level 11 in Staves
  7424 | D:8      | Reached XP level 10. HP: 77/88 MP: 4/4
  8182 | D:9      | Noticed Blork the orc
  8194 | D:9      | Killed Blork the orc
  8522 | D:9      | Found a glowing silver altar of Zin.
  8529 | D:9      | Found a bloodstained altar of Trog.
  8639 | D:9      | Found a basalt altar of Yredelemnul.
  8675 | D:9      | Reached skill level 12 in Staves
  8998 | D:10     | Entered Level 10 of the Dungeon
  9004 | D:10     | Found a portal to a secret trove of treasure.
  9918 | D:10     | Found Theohech's Antique Armour Boutique.
  9929 | D:10     | Bought a steaming scale mail for 252 gold pieces
  9940 | D:10     | Identified the +5 scale mail of Courage {rPois rN+ Stlth+} (You bought it in a shop on level 10 of the Dungeon)
 10198 | D:11     | Reached XP level 11. HP: 53/97 MP: 4/4
 10201 | D:11     | Reached skill level 13 in Staves
 10643 | D:11     | Noticed a red ugly thing
 10662 | D:11     | Killed a red ugly thing
 11432 | D:11     | Noticed a tengu warrior
 11589 | D:11     | Found a staircase to the Lair.
 11594 | D:11     | Reached skill level 10 in Fighting
 11761 | D:11     | Found a staircase to the Orcish Mines.
 11902 | D:11     | Noticed a cyclops
 11911 | D:11     | Killed a cyclops
 11911 | D:11     | Reached skill level 14 in Staves
 12729 | Lair:1   | Entered Level 1 of the Lair of Beasts
 12857 | Lair:1   | Acquired Okawaru's second power
 12916 | Lair:1   | Reached skill level 10 in Armour
 13122 | Lair:1   | Reached skill level 10 in Dodging
 13236 | Lair:1   | Noticed a four-headed hydra
 13246 | Lair:1   | Killed a four-headed hydra
 13369 | Lair:1   | Reached XP level 12. HP: 86/108 MP: 5/5
 13742 | Lair:1   | Received a gift from Okawaru
 13863 | Lair:1   | Reached skill level 15 in Staves
 14987 | Lair:2   | Received a gift from Okawaru
 14990 | Lair:2   | Got a faintly humming leather armour {god gift}
 15001 | Lair:2   | Identified the +0 leather armour "Fronn" {Int+2 Stlth--} (Okawaru gifted it to you on level 2 of the Lair of Beasts)
 15267 | Lair:2   | Reached skill level 16 in Staves
 15826 | Lair:3   | You fall through a shaft for 3 floors!
 16131 | Lair:6   | Reached XP level 13. HP: 83/117 MP: 5/5
 16680 | Lair:6   | Found a hole to the Spider Nest.
 17358 | Lair:7   | Found a dark tunnel.
 17372 | Volcano  | Entered a volcano
 17559 | Volcano  | Found a radiant altar of Vehumet.
 17912 | Lair:7   | Reached skill level 17 in Staves
 18009 | Lair:7   | Found a staircase to the Slime Pits.
 18075 | Lair:7   | Received a gift from Okawaru
 18619 | Lair:8   | Entered Level 8 of the Lair of Beasts
 18623 | Lair:8   | Identified Crigimn's Compendium of Lethal Air
 19264 | Lair:8   | Noticed Erica
 19293 | Lair:8   | Killed Erica
 19639 | Lair:8   | Noticed isthmus' ghost (mighty FoFi)
 19651 | Lair:8   | Received a gift from Okawaru
 19682 | Lair:8   | Killed isthmus' ghost
 19682 | Lair:8   | Reached XP level 14. HP: 69/129 MP: 4/5
 19690 | Lair:8   | Noticed Maud
 19703 | Lair:8   | Killed Maud
 19707 | Lair:8   | Reached skill level 18 in Staves
 19762 | Lair:8   | Noticed Nergalle
 20618 | Lair:8   | Killed Nergalle
 20798 | Lair:5   | Found a staircase to the Shoals.
 20913 | Lair:5   | You fall through a shaft!
 21352 | Lair:5   | Learned a level 4 spell: Leda's Liquefaction
 23198 | Orc:1    | Entered Level 1 of the Orcish Mines
 23249 | Orc:2    | Found a roughly hewn altar of Beogh.
 23379 | Orc:3    | Found a staircase to the Elven Halls.
 24607 | Orc:4    | Entered Level 4 of the Orcish Mines
 25785 | Orc:4    | Noticed Harold
 25799 | Orc:4    | Killed Harold
 26007 | Orc:4    | Found a roughly hewn altar of Beogh.
 26007 | Orc:4    | Found Klajijei's Weapon Shop.
 26080 | Orc:4    | Found Ytojud's Jewellery Boutique.
 26103 | Orc:4    | Bought an uncursed ring of protection from fire for 325 gold pieces
 26267 | Orc:4    | Noticed Snorg
 26281 | Orc:4    | Killed Snorg
 26772 | Orc:4    | Noticed Fannar
 26788 | Orc:4    | Killed Fannar
 26992 | Orc:4    | Found a roughly hewn altar of Beogh.
 27003 | Orc:4    | Reached skill level 19 in Staves
 27305 | Orc:4    | Noticed an orc warlord
 27772 | Orc:4    | Found a roughly hewn altar of Beogh.
 27807 | Orc:4    | Received a gift from Okawaru
 27844 | Orc:4    | Found a roughly hewn altar of Beogh.
 27844 | Orc:4    | Found Strefahua's Antique Armour Shop.
 27849 | Orc:4    | Found Pema's Antique Weapon Boutique.
 27857 | Orc:4    | Bought a polished plate armour for 784 gold pieces
 27874 | Orc:4    | Identified the +0 plate armour of the Invisible Hand {rElec Slay-8 Stlth+ Curse} (You bought it in a shop on level 4 of the Orcish Mines)
 27890 | Orc:4    | Bought a cloak for 126 gold pieces
 27966 | Orc:4    | Found a roughly hewn altar of Beogh.
 27967 | Orc:4    | Found Klos' Weapon Boutique.
 28393 | Elf:1    | Entered Level 1 of the Elven Halls
 28989 | Elf:2    | Reached XP level 15. HP: 122/138 MP: 6/6
 29190 | Elf:2    | Found Dixkamar's Book Emporium.
 29207 | Elf:2    | Found Brorchee's Armour Shop.
 29528 | Elf:2    | Found Athryrchou's General Store.
 29535 | Elf:2    | Received a gift from Okawaru
 29697 | Elf:2    | Found Lutaut's Book Shop.
 29836 | Elf:2    | Found Plateuma's General Store.
 29861 | Elf:2    | Bought a scroll of enchant armour for 97 gold pieces
 29861 | Elf:2    | Bought a scroll of brand weapon for 260 gold pieces
 30071 | D:12     | Noticed Maurice
 30078 | D:12     | Killed Maurice
 30266 | D:12     | Found a corrupted altar of Lugonu.
 30636 | D:12     | Found a flagged portal.
 30645 | Bailey   | Entered a bailey
 31857 | D:14     | Found a gate to the Vaults.
 31862 | D:14     | Reached skill level 20 in Staves
 32483 | D:15     | Entered Level 15 of the Dungeon
 32764 | D:15     | Found a staircase to the Depths.
 32785 | D:15     | Reached skill level 1 in Earth Magic
 32866 | D:15     | Found Qistrod's Jewellery Emporium.
 32888 | D:15     | Bought the ring of Broniul {+cTele rC+} for 960 gold pieces
 32901 | D:15     | Noticed Nessos
 32923 | D:15     | Killed Nessos
 32923 | D:15     | Reached skill level 15 in Fighting
 33102 | D:15     | Received a gift from Okawaru
 33421 | Shoals:1 | Entered Level 1 of the Shoals
 33444 | Shoals:1 | Found Icawoot's Weapon Shop.
 34098 | Shoals:1 | Reached XP level 16. HP: 116/149 MP: 5/6
 34516 | Shoals:3 | Received a gift from Okawaru
 34520 | Shoals:3 | Got a smoking cloak {god gift}
 34825 | Shoals:3 | Identified the +2 cloak of Infinity {rF+ rN+} (Okawaru gifted it to you on level 3 of the Shoals)
 34904 | Shoals:3 | Found Qaudaeca's Food Shop.
 34920 | Shoals:3 | Reached skill level 15 in Armour
 35966 | Shoals:4 | Found Loir's Weapon Shop.
 36230 | Shoals:5 | Entered Level 5 of the Shoals
 37233 | Shoals:5 | Reached skill level 21 in Staves
 37602 | Shoals:5 | Got a pair of warped boots
 37613 | Shoals:5 | Identified the +2 pair of boots "Puurheuz" {+Blink} (You found it on level 5 of the Shoals)
 38404 | Shoals:4 | Reached skill level 1 in Evocations
 38889 | Shoals:5 | Got a barnacled rune of Zot
 39326 | Spider:1 | Entered Level 1 of the Spider Nest
 39490 | Spider:1 | Noticed Frances
 39506 | Spider:1 | Killed Frances
 39523 | Spider:1 | Blown up by an orb spider

Action                   |  1- 3 |  4- 6 |  7- 9 | 10-12 | 13-15 | 16-18 || total
-------------------------+-------+-------+-------+-------+-------+-------++-------
Melee: Quarterstaff      |    74 |   142 |   448 |  1072 |  1939 |   627 ||  4302
Invok: Heroism           |       |       |       |     2 |    15 |    21 ||    38
       Finesse           |       |       |       |       |       |     1 ||     1
 Abil: Evoke Flight      |       |       |       |       |       |    10 ||    10
       Evoke Blink       |       |       |       |       |       |     1 ||     1
Evoke: Wand              |       |     2 |     5 |     8 |     6 |     4 ||    25
  Use: Scroll            |     8 |     2 |     7 |     8 |    28 |     2 ||    55
       Potion            |     2 |       |     8 |     4 |    23 |     3 ||    40
 Stab: Distracted        |       |       |       |       |     1 |       ||     1
       Sleeping          |       |       |       |       |     1 |       ||     1
  Eat: Chunk             |       |     6 |     7 |    22 |    27 |    21 ||    83
       Pizza             |       |       |     1 |     1 |     3 |       ||     5
       Beef jerky        |       |       |     1 |     1 |     1 |       ||     3
       Bread ration      |       |       |     1 |       |       |       ||     1
       Fruit             |       |       |     1 |     5 |    28 |     1 ||    35
       Meat ration       |       |       |       |       |     1 |       ||     1
